AoeStats
← md

African Clearing

510348081Analyzed
4v4 RM · 14h ago on Sep 30, 2026· 27m 13s· 8 players
Game mode
Random Map
Map size
Large (8 player)
Population
200
Speed
Normal
Resources
Standard
Victory
Conquest
Starting age
Dark Age
Ending age
Imperial Age
RankedLock teamsTeams togetherTeam positionsShared explorationLock speedFull tech treeHidden civsTurbo modeCheats
Victory
Defeat
🇹🇼 Franks · Taiwan
1065
+12
🇹🇼 Celts · Taiwan
1065
+12
🇨🇳 Danes · China
1009
+14
🇳🇱 Teutons · Netherlands
996
+15
🇹🇷 Georgians · Türkiye
1057
-16
🇷🇺 Mongols · Russia
1017
-15
🇹🇷 Malians · Türkiye
986
-14
🇷🇺 Danes · Russia
813
-8
KISSSHOT
6:17 Loom
9:28 Loom
11:27 Feudal Age
10:06 Loom
11:59 Double-Bit Axe
12:17 Man-at-Arms
14:24 Loom
14:56 Town Watch
15:47 Wheelbarrow
20:40 Castle Age
19:24 Scale Mail Armor
19:37 Forging
19:28 Scale Mail Armor
19:16 Arson
23:08 Hand Cart
22:41 Horse Collar
24:00 Gold Mining
25:17 Town Patrol
26:06 Bow Saw
taisho84
16:11 Loom
18:33 Feudal Age
19:13 Double-Bit Axe
19:17 Horse Collar
23:39 Castle Age
22:23 Stone Mining
26:16 Scale Mail Armor
26:28 Forging
27:04 Bow Saw
27:02 Pikeman
hello
15:18 Feudal Age
15:35 Feudal Age
16:59 Double-Bit Axe
20:38 Castle Age
19:33 Fletching
23:02 Loom
26:09 Bodkin Arrow
26:26 Fishing Lines
blueberry
4:15 Loom
18:25 Feudal Age
md
13:45 Feudal Age
18:32 Castle Age
16:18 Loom
KOMMEPCAHT
7:56 Loom
16:13 Feudal Age
18:03 Double-Bit Axe
20:22 Castle Age
19:45 Wheelbarrow
18:54 Horse Collar
23:01 Hand Cart
itsapencilcase
6:15 Loom
16:18 Feudal Age
18:35 Town Watch
21:00 Castle Age
20:14 Bloodlines
20:54 Scale Barding Armor
21:34 Double-Bit Axe
22:36 Horse Collar
26:03 Husbandry
26:57 Forging
Adment_Vk
5:49 Loom
7:32 Loom
16:09 Feudal Age
16:31 Man-at-Arms
17:03 Arson
Connection lost

Rejoining the realm…

Still unreachable

The connection could not be restored.

Session expired

The server has moved on; the page needs a fresh start.